 Dungeon Crawl Stone Soup version 0.13-a0-3140-gbdcfb35 (webtiles) character file.

3338 Kae the Conjurer (level 9, 0/45 HPs)
             Began as a Tengu Fire Elementalist on Sept 22, 2013.
             Was a Believer of Vehumet.
             Slain by a wight
             ... wielding a +1,+1 great mace of freezing
              (3 damage)
             ... on Level 9 of the Dungeon.
             The game lasted 00:20:14 (9818 turns).

Kae the Conjurer (Tengu Fire Elementalist)          Turns: 9818, Time: 00:20:14

HP   0/45        AC  6     Str  8      XL: 9   Next: 79%
MP  12/23        EV 12     Int 18      God: Vehumet [**....]
Gold 412         SH  0     Dex 16      Spells:  5 memorised,  5 levels left

Res.Fire  : . . .   See Invis. : .   r - +0,+4 orc mace (holy)
Res.Cold  : . . .   Warding    : +   a - +1 robe
Life Prot.: + . .   Conserve   : .   (no shield)
Res.Poison: .       Res.Corr.  : .   (helmet restricted)
Res.Elec. : .       Clarity    : .   D - +0 cloak
Sust.Abil.: + .     Spirit.Shd : .   (no gloves)
Res.Mut.  : .       Stasis     : .   (boots unavailable)
Res.Rott. : .       Flight     : .   t - amulet of warding
Saprovore : . . .                    I - +2 ring of protection
                                     y - ring of sustain abilities

@: very slightly contaminated, drained, slightly resistant to hostile
enchantments, fairly stealthy
A: able to fly, beak, talons 3
a: Fly, Renounce Religion


You were on level 9 of the Dungeon.
You worshipped Vehumet.
Vehumet was pleased with you.
You were not hungry.

You visited 2 branches of the dungeon, and saw 10 of its levels.

You collected 392 gold pieces.

Inventory:

Hand weapons
 r - a +0,+4 orcish mace of holy wrath (weapon)
 C - a +1,+2 whip of pain
Missiles
 h - 149 darts (quivered)
Armour
 a - a +1 robe (worn)
 D - a +0 cloak (worn)
Magical devices
 k - a wand of magic darts (15) {unknown}
 B - a wand of random effects (14) {unknown}
Comestibles
 c - 3 bread rations
 d - a royal jelly
 f - an apple
 j - a beef jerky
 x - 2 meat rations
 A - an orange
Scrolls
 o - a scroll of random uselessness
 q - 3 scrolls of remove curse
 s - 3 scrolls of teleportation
 u - a scroll of curse weapon {unknown}
 v - 5 scrolls of identify
 w - 3 scrolls of fog
Jewellery
 l - an uncursed amulet of stasis
 p - an uncursed ring of flight
 t - an amulet of warding (around neck)
 y - a ring of sustain abilities (left hand)
 I - a +2 ring of protection (right hand)
Potions
 e - a potion of degeneration
 g - a potion of poison {unknown}
 m - a potion of agility
 n - a potion of porridge {unknown}
 z - a potion of invisibility
 F - 2 potions of restore abilities
 G - 2 potions of heal wounds
Books
 b - a book of Flames

   Spells                             Type                      Level
   *Flame Tongue                      Conjuration/Fire             1
   *Throw Flame                       Conjuration/Fire             2
   *Conjure Flame                     Conjuration/Fire             3
   Inner Flame                        Hexes/Fire                   3
   *Sticky Flame                      Conjuration/Fire             4
   *Fireball                          Conjuration/Fire             5
 i - a book of Transfigurations

   Spells                             Type                      Level
   Stoneskin                          Transmutation/Earth          2
   Polymorph                          Hexes/Transmutation          4
   Ice Form                           Ice/Transmutation            4
   Statue Form                        Transmutation/Earth          6
   Dragon Form                        Transmutation                7


   Skills:
 - Level 2.1(1.5) Dodging
 - Level 2.0(1.4) Stealth
 + Level 6.1(5.5) Spellcasting
 * Level 11.8(11.1) Conjurations
 + Level 8.0(7.4) Fire Magic


You had 5 spell levels left.
You knew the following spells:

 Your Spells              Type           Power        Failure   Level  Hunger
a - Flame Tongue          Conj/Fire      #####        1%          1    None
b - Throw Flame           Conj/Fire      #####.       1%          2    None
c - Conjure Flame         Conj/Fire      #####...     1%          3    ###....
d - Sticky Flame          Conj/Fire      #####...     2%          4    ####...
e - Fireball              Conj/Fire      #####.....   10%         5    #####..


Dungeon Overview and Level Annotations

Branches:
Dungeon (9/27)             Temple (1/1) D:5             Orc (0/4) D:6
   Lair: D:8-13

Altars:
Ashenzari
Cheibriados
Elyvilon
Fedhas
Kikubaaqudgha
Makhleb
Nemelex Xobeh
Okawaru
Sif Muna
Trog
Vehumet
Xom
Yredelemnul
Zin
the Shining One

Annotations:
D:5 exclusion: centaur


Innate Abilities, Weirdness & Mutations

You can fly.
You have a beak for a mouth.
You have claws for feet.


Message History

Confirm with . or Enter, or press ? or * to list all spells.
Aiming: Flame Tongue
Press: ? - help, Shift-Dir - straight line, f/p - wight
Aim: a wight, wielding a runed great mace and wearing a robe (moderately damaged)
The flame hits the wight.
The wight appears unharmed.
The wight is moderately damaged.
The wight hits you with a runed great mace.
You partially resist.
You feel drained. The wight freezes you.
Casting: Flame Tongue
Confirm with . or Enter, or press ? or * to list all spells.
Aiming: Flame Tongue
Press: ? - help, Shift-Dir - straight line, f/p - wight
Aim: a wight, wielding a great mace of freezing and wearing a robe (moderately damaged)
The flame misses the wight.
The wight hits you with a great mace of freezing!
You partially resist.
You feel drained. The wight freezes you.
The wight hits you with a great mace of freezing!
* * * LOW HITPOINT WARNING * * *
You partially resist.
You feel drained.
You die...

........<........
.................
.................
.................
.........).......
.................
.................
.......Sz........
........@........
.................
........$......
...............
...............
.............
...........
......... ...


You could see a wight and an adder.

Vanquished Creatures
  Grinder (D:5)
  2 hippogriffs
  A hungry ghost (D:4)
  2 ogres
  An orc warrior (D:6)
  An ice beast (D:5)
  A phantom (D:4)
  13 killer bees
  3 wights (D:8)
  3 crimson imps
  2 goliath beetles
  2 orc priests
  4 orc wizards (D:5)
  5 hounds
  A jelly (D:8)
  2 worker ants
  A killer bee zombie (D:8)
  A scorpion (D:6)
  3 iguanas
  11 adders
  3 gnolls (D:6)
  An inept feature mimic (D:2)
  4 worms
  4 giant geckos
  An ooze (D:1)
  20 orcs
  25 bats
  A bat zombie (D:6)
  6 giant cockroaches
  14 goblins
  13 hobgoblins
  10 jackals
  4 quokkas
  A ball python (D:3)
  6 giant newts
  A giant spore (D:7)
  15 kobolds
  An orc zombie (D:7)
  11 rats
  A rat skeleton (D:4)
  3 ballistomycetes (D:7)
205 creatures vanquished.

Notes
Turn   | Place    | Note
--------------------------------------------------------------
     0 | D:1      | Kae, the Tengu Fire Elementalist, began the quest for the Orb.
     0 | D:1      | Reached XP level 1. HP: 10/10 MP: 3/3
    67 | D:1      | Reached XP level 2. HP: 12/15 MP: 0/5
   889 | D:2      | Reached XP level 3. HP: 17/19 MP: 0/7
  1090 | D:2      | Found an ancient bone altar of Kikubaaqudgha.
  1616 | D:2      | Learned a level 2 spell: Throw Flame
  1682 | D:3      | Reached XP level 4. HP: 24/24 MP: 5/8
  1795 | D:3      | Reached skill level 4 in Fire Magic
  2366 | D:3      | Found a snail-covered altar of Cheibriados.
  2366 | D:3      | Found a shattered altar of Ashenzari.
  2366 | D:3      | Found a deep blue altar of Sif Muna.
  2370 | D:3      | Reached XP level 5. HP: 28/28 MP: 7/11
  2576 | D:4      | Found a sparkling altar of Nemelex Xobeh.
  2639 | D:4      | Noticed a phantom
  2816 | D:4      | Noticed a hungry ghost
  2829 | D:4      | Killed a hungry ghost
  2829 | D:4      | Reached skill level 5 in Conjurations
  2829 | D:4      | Reached XP level 6. HP: 25/32 MP: 0/14
  3262 | D:3      | Reached skill level 6 in Conjurations
  3559 | D:4      | Killed a phantom
  3559 | D:4      | Reached skill level 5 in Fire Magic
  3559 | D:4      | Reached XP level 7. HP: 25/36 MP: 1/16
  3713 | D:4      | Found a burning altar of Makhleb.
  3713 | D:4      | Noticed a balrug
  3716 | D:4      | Noticed an orange demon
  3716 | D:4      | Noticed a smoke demon
  3780 | D:5      | Entered Level 5 of the Dungeon
  3984 | D:4      | Learned a level 3 spell: Conjure Flame
  3989 | D:4      | Learned a level 4 spell: Sticky Flame
  4016 | D:5      | Found a staircase to the Ecumenical Temple.
  4260 | D:5      | Noticed Grinder
  4273 | D:5      | Reached skill level 7 in Conjurations
  4280 | D:5      | Killed Grinder
  4736 | D:5      | Reached skill level 8 in Conjurations
  4740 | D:5      | Reached XP level 8. HP: 26/41 MP: 11/19
  5048 | Temple   | Entered the Ecumenical Temple
  5056 | Temple   | Became a worshipper of Vehumet
  5227 | D:5      | Found a glowing silver altar of Zin.
  5227 | D:5      | Found an iron altar of Okawaru.
  5655 | D:6      | Reached skill level 9 in Conjurations
  6527 | D:6      | Found a staircase to the Orcish Mines.
  7267 | D:7      | Acquired Vehumet's first power
  7267 | D:7      | Offered knowledge of Magic Dart by Vehumet.
  7453 | D:7      | Reached skill level 10 in Conjurations
  7464 | D:7      | Reached skill level 5 in Spellcasting
  7856 | D:7      | Reached XP level 9. HP: 34/45 MP: 12/22
  8030 | D:7      | Noticed a two-headed ogre
  8268 | D:8      | Learned a level 5 spell: Fireball
  8726 | D:7      | Reached skill level 11 in Conjurations
  9292 | D:8      | Offered knowledge of Sandblast by Vehumet.
  9818 | D:9      | Slain by a wight

Action                   |  1- 3 |  4- 6 |  7- 9 || total
-------------------------+-------+-------+-------++-------
Melee: Unarmed           |    42 |       |       ||    42
       Mace              |       |    10 |    57 ||    67
 Cast: Flame Tongue      |    69 |   106 |   246 ||   421
       Throw Flame       |       |     5 |    26 ||    31
       Conjure Flame     |       |       |    10 ||    10
       Sticky Flame      |       |       |    13 ||    13
 Abil: Evoke Flight      |       |     1 |       ||     1
  Use: Scroll            |       |       |    19 ||    19
       Potion            |       |       |     9 ||     9
 Stab: Sleeping          |       |       |     3 ||     3
